 Dungeon Crawl Stone Soup version 0.25-a0-167-g836c352ace (webtiles) character file.

Game seed: 4992170196134161008, levelgen mode: deterministic

136 MisterFreud the Ducker (level 4, -1/23 HPs)
             Began as a Felid Fighter on Nov 25, 2019.
             Slain by a phantom (6 damage)
             ... on level 4 of the Dungeon.
             The game lasted 00:04:37 (3599 turns).

MisterFreud the Ducker (Felid Fighter)              Turns: 3599, Time: 00:04:38

Health: -1/23      AC:  1    Str: 12    XL:     4   Next: 98%
Magic:  5/5        EV: 21    Int: 11    God:
Gold:   50         SH:  0    Dex: 15    Spells: 3/3 levels left
                                        Lives:  0   Deaths: 1

rFire    . . .     SeeInvis +     - Unarmed
rCold    . . .     Gourm    .   (shield unavailable)
rNeg     . . .     Faith    .   (armour unavailable)
rPois    .         Spirit   .   (helmet unavailable)
rElec    .         Reflect  .   (cloak unavailable)
rCorr    .         Harm     .   (gloves unavailable)
MR       .....                  (boots unavailable)
Stlth    ++........             d - amulet of the acrobat
HPRegen  0.07/turn              (no ring)
MPRegen  0.09/turn              (no ring)

@: quick
A: very small, no armour, no weapons or thrown items, stealth, claws 1, fangs 3,
see invisible, carnivore, speed 1, shaggy fur 1, slow metabolism 1, sharp paws
a: no special abilities


You were on level 4 of the Dungeon.
You were full.

You visited 1 branch of the dungeon, and saw 4 of its levels.

You collected 50 gold pieces.

Inventory:

Jewellery
 d - an amulet of the acrobat (around neck)
 p - an uncursed ring of ice
 q - the ring of Akhlomywk {rElec MR+ Str+6, unknown}
   (You found it on level 4 of the Dungeon)

   [ring of strength]

   It affects your strength (+6).
   It insulates you from electricity.
   It affects your resistance to hostile enchantments.
Scrolls
 e - a scroll of remove curse
 j - 4 scrolls of teleportation {unknown}
 k - 3 scrolls of identify
 l - a scroll of enchant weapon {unknown}
 m - a scroll of amnesia {unknown}
Potions
 a - a potion of might
 c - a potion of degeneration
 f - a potion of mutation
 g - a potion of berserk rage {unknown}
 h - 2 potions of heal wounds {unknown}
 i - a potion of flight
 n - a potion of cancellation {unknown}
 o - a potion of curing {unknown}
Comestibles
 b - 12 rations


   Skills:
 - Level 5.0 Fighting
 + Level 6.5 Dodging
 - Level 4.0 Unarmed Combat


You had 3 spell levels left.
You didn't know any spells.
Your spell library was empty.

Dungeon Overview and Level Annotations

Branches:
Dungeon (4/15)
 Temple: D:4-7

Altars:

Annotations:
D:4 Blork the orc


Innate Abilities, Weirdness & Mutations

You cannot wear armour.
You are incapable of wielding weapons or throwing items.
Your paws allow you to move quietly. (Stealth)
You have sharp claws.
You have razor-sharp teeth.
You have supernaturally acute eyesight. (SInv)
You are carnivorous and can eat meat at any time.
You cover ground quickly.
You are covered in fur. (AC +1)
You have a slow metabolism.
Your sharp claws are effective at attacking unaware monsters.


Message History

You barely miss the phantom. You bite the phantom.
The phantom is moderately damaged.
The phantom blinks!
The phantom misses you.
You barely miss the phantom.
The phantom is moderately damaged.
The phantom hits you.
You are too injured to fight recklessly!
You are too injured to fight recklessly!
You scratch the phantom.
The phantom is moderately damaged.
The phantom hits you.
* * * LOW HITPOINT WARNING * * *
You miss the phantom.
The phantom is moderately damaged.
The phantom closely misses you.
You closely miss the phantom.
The phantom is moderately damaged.
The phantom hits you.
You die...

###########
#.........########
#.#######.........
#.# #.....#######
#.# #.##.########
#.# #.##.........
#.####.##.##......
#@........##.#####
#W.###.##.# # #..#
#.##.# # #..# ...
.. # #..# #.#. #
#... ..... # ###.
##. #. .# . .# .#


You could see a phantom.

Vanquished Creatures
  A hound (D:4)
  Jessica (D:2)
  2 hound skeletons (D:4)
  5 adders
  An ooze (D:4)
  An adder skeleton (D:4)
  2 worms (D:2)
  2 dart slugs
  A leopard gecko (D:2)
  7 orcs
  3 ball pythons
  3 giant cockroaches
  6 goblins
  5 hobgoblins
  5 kobolds
  A quokka (D:2)
  7 bats
  5 frilled lizards
  5 rats
63 creatures vanquished.

Notes
Turn   | Place    | Note
-------+----------+-------------------------------------------
     0 | D:1      | MisterFreud the Felid Fighter began the quest for the Orb.
     0 | D:1      | Reached XP level 1. HP: 10/10 MP: 2/2
   364 | D:1      | Reached XP level 2. HP: 5/14 MP: 3/3
  1010 | D:2      | Reached XP level 3. HP: 5/18 MP: 4/4
  1742 | D:2      | Reached XP level 4. HP: 17/22 MP: 5/5
  1832 | D:2      | Reached skill level 5 in Fighting
  2001 | D:2      | Noticed Jessica
  2012 | D:2      | Killed Jessica
  2216 | D:2      | Reached skill level 5 in Dodging
  3072 | D:3      | Reached XP level 5. HP: 26/26 MP: 6/6
  3397 | D:4      | Noticed Blork the orc
  3407 | D:4      | Killed from afar by Blork the orc
  3408 | D:4      | Reached XP level 4. HP: -5/23 MP: 5/5
  3467 | D:4      | Got a warped marble ring
  3547 | D:4      | Reached skill level 6 in Dodging
  3582 | D:4      | Noticed a phantom
  3599 | D:4      | Slain by a phantom

Levels and vault maps discovered:
D:1:      elethiomel_arrival_maze, layout_rooms, serial_forest,
          infiniplex_forest_clump_medium, infiniplex_forest_clump_large,
          infiniplex_forest_lined_room_3, infiniplex_forest_straight_4,
          infiniplex_forest_lined_3, infiniplex_forest_corner_1,
          minmay_misc_feat_tiny, palyth_stone_intersect
D:2:      layout_basic, first_ration, feat_on_display, uniq_jessica
D:3:      layout_loops_corners, kennysheep_generic_room_5
D:4:      layout_loops_ring, uniq_blork_the_orc

Skill      XL: |  1  2  3  4 |
---------------+-------------+-----
Fighting       | 4 5 |  5.0
Dodging        | 6 |  6.5
Unarmed Combat | |  4.0

Action                   |  1- 3 |  4- 6 || total
-------------------------+-------+-------++-------
Melee: Unarmed           |    89 |   123 ||   212
       Bite              |     6 |    10 ||    16
       Punch             |     1 |       ||     1
  Use: Scroll            |     6 |       ||     6
 Stab: Sleeping          |     1 |     6 ||     7
  Eat: Chunk             |     8 |     5 ||    13
Armor: Skin              |     2 |     1 ||     3
Dodge: Dodged            |    73 |    81 ||   154

Table legend:
 A = Non-vault XP
 B = Vault XP
 C = Vault XP percentage of total XP
 D = Non-vault monster count
 E = Vault monster count
 F = Vault count percentage of total count
                 A         B        C        D         E       F
            +---------+---------+-------+---------+---------+-------
      Total |     260 |      37 |  12.5 |      62 |       1 |   1.6
            +---------+---------+-------+---------+---------+-------
        D:1 |      37 |       0 |   0.0 |      14 |       0 |   0.0
        D:2 |      97 |      37 |  27.6 |      29 |       1 |   3.3
        D:3 |      31 |       0 |   0.0 |      12 |       0 |   0.0
        D:4 |      95 |       0 |   0.0 |       7 |       0 |   0.0
            +---------+---------+-------+---------+---------+-------
